 Dungeon Crawl Stone Soup version 0.20.0-15-g7f486f2 (webtiles) character file.

139 NoAnimeNoLife the Skirmisher (level 5, -2/38 HPs)
             Began as an Octopode Fighter on June 13, 2017.
             Killed from afar by an orc wizard (7 damage)
             ... with a magic dart
             ... on level 3 of the Dungeon.
             The game lasted 00:04:46 (2631 turns).

NoAnimeNoLife the Skirmisher (Octopode Fighter)     Turns: 2631, Time: 00:04:47

Health: -2/38      AC:  1    Str: 15    XL:     5   Next: 22%
Magic:  5/5        EV: 11    Int: 11    God:
Gold:   178        SH:  0    Dex: 12    Spells: 4/4 levels left

rFire    . . .     SeeInvis .   a - +0 long sword
rCold    . . .     Gourm    .   b - +0 shield
rNeg     . . .     Faith    .   (helmet restricted)
rPois    .         Spirit   .   (no amulet)
rElec    .         Reflect  .   (no ring)
rCorr    .         Harm     .   (no ring)
MR       .....                  (no ring)
Stlth    ++........             (no ring)
Regen    0.2/turn               (no ring)
MPRegen  0.1/turn               (no ring)
                                (no ring)
                                (no ring)

@: confused
A: almost no armour, stealthy swim, amphibious, 8 rings, constrict 8, camouflage
1, gelatinous body 1
a: no special abilities


You were on level 3 of the Dungeon.
You were hungry.

You visited 1 branch of the dungeon, and saw 3 of its levels.

You collected 178 gold pieces.

Inventory:

Hand Weapons
 a - a +0 long sword (weapon)
Missiles
 o - a stone (quivered)
Armour
 b - a +0 shield (worn)
Jewellery
 n - an uncursed amulet of regeneration {unknown}
Scrolls
 f - 4 scrolls of remove curse {unknown}
 g - a scroll of identify {unknown}
 i - a scroll of blinking {unknown}
 j - a scroll of magic mapping {unknown}
 l - 3 scrolls of enchant weapon {unknown}
 m - a scroll of enchant armour {unknown}
Potions
 c - a potion of might
 e - 2 potions of mutation {unknown}
 h - a potion of heal wounds {unknown}
 k - a potion of haste {unknown}
Comestibles
 d - 4 bread rations


   Skills:
 + Level 4.5 Fighting
 + Level 3.9 Long Blades
 - Level 3.0 Dodging
 - Level 3.1 Shields


You had 4 spell levels left.
You didn't know any spells.

Dungeon Overview and Level Annotations

Branches:
Dungeon (3/15)

Altars:


Innate Abilities, Weirdness & Mutations

You cannot wear most types of armour.
You are very stealthy in the water. (Stealth+)
You are amphibious.
You can wear up to eight rings at the same time.
You can use your tentacles to constrict eight enemies at once.
Your skin changes colour to match your surroundings (Stealth+).
Your rubbery body absorbs attacks. (AC +1, EV +1)


Message History

The magic dart hits you!
You bump into the rock wall.
You hit something. You squeeze something.
The leopard gecko completely misses you.
Something hits you but does no damage.
You bump into the rock wall.
The leopard gecko barely misses you. Something hits you.
You miss something. The leopard gecko bites you. Something hits you.
* * * LOW HITPOINT WARNING * * *
The leopard gecko closely misses you.
You bump into the rock wall.
Something hits you.
* * * LOW HITPOINT WARNING * * *
The leopard gecko barely misses you.
You miss something.
An orc wizard appears from thin air!
Reactivating autopickup.
The leopard gecko bites you.
* * * LOW HITPOINT WARNING * * *
The orc wizard gestures at you while chanting.
The magic dart hits you!
You die...

# ..g.# #....#
#.##..# ##....#
..#...g #.....#
........# #.....#
.........# #.....#
.?...>.####.....#
......)ro##.....#
......##l##.....#
..... #@o......#
.... ###...†..# ...
#......######## ##
#.............#
#.####.....######.#
#.....#.....[.#...#
#####.#.#####.#.###
###.#.# #...#
#...#.# #####


You could see an orc wizard, an orc, a leopard gecko and a quokka.

Vanquished Creatures
  3 adders (D:3)
  2 oozes (D:1)
  2 worms
  A dart slug (D:1)
  3 leopard geckos
  4 orcs (D:3)
  6 giant cockroaches
  9 goblins
  17 hobgoblins
  4 jackals (D:2)
  10 kobolds
  A quokka (D:2)
  8 bats
  5 frilled lizards
  5 rats
80 creatures vanquished.

Notes
Turn   | Place    | Note
-------+----------+-------------------------------------------
     0 | D:1      | NoAnimeNoLife the Octopode Fighter began the quest for the Orb.
     0 | D:1      | Reached XP level 1. HP: 16/16 MP: 1/1
   163 | D:1      | Reached XP level 2. HP: 20/21 MP: 2/2
   612 | D:1      | Reached XP level 3. HP: 14/26 MP: 3/3
  1346 | D:2      | Reached XP level 4. HP: 30/33 MP: 4/4
  1629 | D:2      | Reached skill level 4 in Fighting
  2349 | D:3      | Reached XP level 5. HP: 34/38 MP: 5/5
  2631 | D:3      | Killed from afar by an orc wizard

Skill      XL: |  1  2  3  4 |
---------------+-------------+-----
Long Blades    | 3 |  3.9
Fighting       | 4 |  4.5
Dodging        | |  3.0
Shields        | |  3.1

Action                   |  1- 3 |  4- 6 || total
-------------------------+-------+-------++-------
Melee: Long sword        |    77 |    75 ||   152
       Constrict         |    23 |    24 ||    47
       Tentacles         |    16 |    10 ||    26
 Stab: Sleeping          |     8 |     1 ||     9
  Eat: Chunk             |     1 |     4 ||     5
Armor: Skin              |     7 |     6 ||    13
Dodge: Dodged            |    26 |    33 ||    59
Block: Shield            |    23 |    36 ||    59
       Rpst.: Long sword |     9 |     9 ||    18
